 Dungeon Crawl Stone Soup version 0.23-a0-49-gd9f7a49668 (webtiles) character file.

302 Htamos the Poker (level 6, -6/47 HPs)
             Began as a Merfolk Skald on Aug 7, 2018.
             Was a Follower of Okawaru.
             Mangled by an ogre
             ... wielding a +0 giant club
              (7 damage)
             ... on level 3 of the Dungeon.
             The game lasted 00:07:31 (4594 turns).

Htamos the Poker (Merfolk Skald)                    Turns: 4594, Time: 00:07:32

Health: -6/47      AC: 17    Str: 16    XL:     6   Next: 37%
Magic:  10/10      EV:  3    Int: 12    God:    Okawaru [*.....]
Gold:   61         SH:  0    Dex: 15    Spells: 9/10 levels left

rFire    . . .     SeeInvis .   a - +0 spear
rCold    . . .     Gourm    .   (no shield)
rNeg     . . .     Faith    .   c - +2 crystal plate armour
rPois    +         Spirit   .   (no helmet)
rElec    .         Reflect  .   (no cloak)
rCorr    .         Harm     .   (no gloves)
MR       .....                  (no boots)
Stlth    ..........             (no amulet)
HPRegen  0.15/turn              f - +2 ring of evasion
MPRegen  0.12/turn              j - ring of poison resistance

@: lethally poisoned (-6 -> -9)
A: change form in water, swift swim, stealthy swim, agile 1, sense surroundings
1, strong 1
a: Heroism, Renounce Religion


You were on level 3 of the Dungeon.
You worshipped Okawaru.
Okawaru was aware of your devotion.
You were not hungry.

You visited 1 branch of the dungeon, and saw 4 of its levels.

You collected 61 gold pieces.

Inventory:

Hand Weapons
 a - a +0 spear (weapon)
Armour
 b - a +0 leather armour
 c - a +2 crystal plate armour (worn)
Jewellery
 f - a +2 ring of evasion (left hand)
 g - an uncursed ring of protection from fire {unknown}
 j - a ring of poison resistance (right hand)
Scrolls
 h - a scroll of fog
 k - 2 scrolls of identify
 l - 2 scrolls of remove curse
Comestibles
 d - 8 rations
 i - 6 chunks of flesh


   Skills:
 + Level 3.1 Fighting
 * Level 5.3 Polearms
 * Level 2.0 Armour
 + Level 4.1 Dodging
 + Level 2.7 Spellcasting
 + Level 4.2 Charms


You had 9 spell levels left.
You knew the following spells:

 Your Spells              Type           Power        Failure   Level  Hunger
a - Infusion              Chrm           ##..         100%        1    #......

Your spell library contained the following spells:

 Spells                   Type           Power        Failure   Level  Hunger
 Regeneration             Chrm/Necr      #.........   100%        3    ###....
 Shroud of Golubria       Chrm/Tloc      #.........   100%        2    ###....
 Song of Slaying          Chrm           ##......     100%        2    ###....
 Spectral Weapon          Hex/Chrm       #.......     100%        3    ###....


Dungeon Overview and Level Annotations

Branches:
Dungeon (4/15)
 Temple: D:4-7

Altars:
Gozag
Hepliaklqana
Kikubaaqudgha
Nemelex Xobeh
Okawaru
Qazlal
Zin

Annotations:
D:3 Grinder


Innate Abilities, Weirdness & Mutations

You revert to your normal form in water.
You are very nimble and swift while swimming.
You are very stealthy in the water. (Stealth+)
You are agile. (Dex +2)
You passively map a small area around you.
Your muscles are strong. (Str +2)


Message History

* * * LOW HITPOINT WARNING * * *
The howler monkey barely misses you.
You hit the ogre.
The ogre is severely wounded.
The howler monkey hits you but does no damage.
The ogre hits you with a giant club!
* * * LOW HITPOINT WARNING * * *
Your crystal plate armour prevents you from hitting the ogre.
The ogre is severely wounded.
* * * LOW HITPOINT WARNING * * *
You feel sick.
The howler monkey hits you but does no damage.
Unknown command.
You aren't carrying any potions.
You aren't carrying any potions.
Okay, then.
Your crystal plate armour prevents you from hitting the ogre.
The ogre is severely wounded.
The ogre hits you with a giant club!
You die...

.....................#
#.....
...###################
#.#### ...# #.# ...#
#.# ...# #.# ...# #.#
#### #.# ###
#################.#
>.#
#..oh@Ol..........#
#.#
#.#################
#.# #.####.##...# #.#
#......##.#.# #.#
######.##.#.# #.#
#....#.# #.# ######.#
#.# #.# #.#### #.#


You could see an ogre, a howler monkey, an iguana and an orc.

Vanquished Creatures
  Purgy (D:3)
  Natasha (D:2)
  Terence (D:3)
  5 adders
  3 worms
  8 leopard geckos
  8 orcs (D:3)
  4 bats
  4 giant cockroaches
  13 goblins
  3 hobgoblins (D:3)
  10 jackals
  A ball python (D:2)
  3 frilled lizards
  11 kobolds
  11 rats
87 creatures vanquished.

Notes
Turn   | Place    | Note
-------+----------+-------------------------------------------
     0 | D:1      | Htamos the Merfolk Skald began the quest for the Orb.
     0 | D:1      | Reached XP level 1. HP: 16/16 MP: 3/3
   476 | D:1      | Reached XP level 2. HP: 22/23 MP: 3/5
   852 | D:1      | Reached skill level 1 in Armour
  1382 | D:2      | Found an iron altar of Okawaru.
  1398 | D:2      | Reached XP level 3. HP: 6/28 MP: 1/6
  1705 | D:2      | Became a worshipper of Warmaster Okawaru
  2580 | D:2      | Reached skill level 4 in Polearms
  2580 | D:2      | Reached XP level 4. HP: 34/34 MP: 7/7
  2585 | D:2      | Noticed Natasha
  2606 | D:2      | Killed Natasha
  3194 | D:3      | Noticed Purgy
  3197 | D:3      | Gained mutation: Your muscles are strong. (Str +2) [potion of mutation]
  3197 | D:3      | Gained mutation: You passively map a small area around you. [potion of mutation]
  3197 | D:3      | Gained mutation: You are agile. (Dex +2) [potion of mutation]
  3214 | D:3      | Killed Purgy
  3214 | D:3      | Reached XP level 5. HP: 6/41 MP: 8/8
  3483 | D:3      | Found a sparkling altar of Nemelex Xobeh.
  3483 | D:3      | Found an opulent altar of Gozag.
  3981 | D:3      | Found a glowing silver altar of Zin.
  3981 | D:3      | Found a hazy altar of Hepliaklqana.
  3996 | D:3      | Found a stormy altar of Qazlal.
  3999 | D:3      | Found an ancient bone altar of Kikubaaqudgha.
  4002 | D:3      | Noticed Terence
  4031 | D:3      | Reached skill level 5 in Polearms
  4034 | D:3      | Reached XP level 6. HP: 40/47 MP: 10/10
  4077 | D:3      | Killed Terence
  4416 | D:3      | Noticed Grinder
  4522 | D:3      | Reached * piety under Okawaru
  4592 | D:3      | HP: 1/47 [ogre/giant club (14)]
  4594 | D:3      | Mangled by an ogre

Vault maps used:
D:1:      ebering_hopf_link
D:2:      okawaru_ov_weapons_minmay, first_ration, uniq_natasha
D:3:      kennysheep_the_goblin_king, grunt_temple_overflow_opulence,
          grunt_temple_overflow_cloverleaf, uniq_grinder, uniq_terence,
          uniq_purgy
D:4:      nicolae_overflow_hidden_temple

Skill      XL: |  1  2  3  4  5  6 |
---------------+-------------------+-----
Armour         | 1 2 |  2.0
Dodging        | 3 4 |  4.1
Polearms       | 4 5 |  5.3
Fighting       | 3 |  3.1
Charms         | 4 |  4.2
Spellcasting   | |  2.7

Action                   |  1- 3 |  4- 6 || total
-------------------------+-------+-------++-------
Melee: Spear             |   204 |   391 ||   595
 Cast: Infusion          |     4 |       ||     4
  Use: Potion            |     3 |     2 ||     5
       Scroll            |       |     5 ||     5
 Stab: Sleeping          |     2 |       ||     2
  Eat: Chunk             |     2 |     7 ||     9
       Ration            |     1 |       ||     1
Armor: Leather armour    |    21 |       ||    21
       Crystal plate arm |    90 |   322 ||   412
Dodge: Dodged            |    52 |    34 ||    86

Table legend:
 A = Spawn XP
 B = Non-spawn XP
 C = Spawn XP percentage of total XP
 D = Spawn monster count
 E = Non-spawn monster count
 F = Spawn count percentage of total count
 G = Total turns spent on level
                    A         B        C        D         E        F      G
               +---------+---------+-------+---------+---------+-------+---------
         Total |       0 |     432 |   0.0 |       0 |      87 |   0.0 |  4594
               +---------+---------+-------+---------+---------+-------+---------
           D:1 |       0 |      24 |   0.0 |       0 |      14 |   0.0 |  1374
           D:2 |       0 |     112 |   0.0 |       0 |      31 |   0.0 |  1800
           D:3 |       0 |     296 |   0.0 |       0 |      42 |   0.0 |  1394
               +---------+---------+-------+---------+---------+-------+---------
